 Dungeon Crawl Stone Soup version 0.25.1-2-g60ff931df9 (webtiles) character file.

Game seed: 208322569537221968

30 Gabide the Firebug (level 3, 22/24 HPs)
             Began as a Human Fire Elementalist on Aug 3, 2020.
             Got out of the dungeon alive.
             The game lasted 00:10:34 (1200 turns).

Gabide the Firebug (Human Fire Elementalist)        Turns: 1200, Time: 00:10:34

Health: 22/24      AC:  3    Str:  8    XL:     3   Next: 37%
Magic:  6/6        EV: 12    Int: 16    God:
Gold:   28         SH:  0    Dex: 13    Spells: 6/7 levels left

rFire    . . .     SeeInvis .   (no weapon)
rCold    . . .     Gourm    .   (no shield)
rNeg     . . .     Faith    .   a - +0 robe
rPois    .         Spirit   .   (no helmet)
rElec    .         Reflect  .   (no cloak)
rCorr    .         Harm     .   g - +0 pair of gloves
MR       .....                  (no boots)
Stlth    ++........             (no amulet)
HPRegen  0.08/turn              (no ring)
MPRegen  0.10/turn              (no ring)

@: very slightly contaminated
A: no striking features
a: no special abilities


You escaped.
You were very hungry.

You visited 1 branch of the dungeon, and saw 1 of its levels.

You collected 28 gold pieces.

Inventory:

Armour
 a - a +0 robe (worn)
 g - a +0 pair of gloves (worn)
Scrolls
 d - a scroll of remove curse
 i - a scroll of blinking
Potions
 b - a potion of haste {unknown}
 e - a potion of curing {unknown}
 f - a potion of heal wounds {unknown}
 h - a potion of flight {unknown}
 j - a potion of degeneration {unknown}
Comestibles
 c - a ration


   Skills:
 + Level 2.2 Dodging
 + Level 2.1 Stealth
 + Level 2.6 Spellcasting
 + Level 1.1 Conjurations
 + Level 3.4 Fire Magic


You had 6 spell levels left.
You knew the following spells:

 Your Spells              Type           Power        Failure   Level  Hunger
a - Foxfire               Conj/Fire      #...         8%          1    #......

Your spell library contained the following spells:

 Spells                   Type           Power        Failure   Level  Hunger
 Conjure Flame            Conj/Fire      #.......     22%         3    ###....
 Inner Flame              Hex/Fire       #.......     28%         3    ###....
 Sticky Flame             Conj/Fire      #.......     58%         4    #####..
 Fireball                 Conj/Fire      #.........   91%         5    ######.


Dungeon Overview and Level Annotations

Branches:
Dungeon (1/15)

Altars:


Message History

Press: ? - help, Dir - move target cursor, f/p - dart slug
Aim: a dart slug (almost dead) Attack!
The foxfire hits the dart slug.
The dart slug is almost dead.
The foxfire hits the dart slug.
You kill the dart slug!
You start resting.
Your magical contamination has completely faded away.
You start resting.
Magic restored.
As you read the scroll labeled VIAPLO QISCH, it crumbles to dust.
You feel blessed for a moment.
It was a scroll of remove curse.
Blink to where?
Press: ? - help, Dir - move target cursor You are very lightly contaminated with residual magic.
As you read the scroll labeled XALO QYURAM COIFF, it crumbles to dust.
It was a scroll of blinking.
There is a staircase leading out of the dungeon here.
Are you sure you want to leave the Dungeon?
This will make you lose the game!
You have escaped!

.# #..#############...# #....##
.###........#.........# #....##
...#.#.####.#.##############.....
.............................####
.#.#.#.#.##.#.#.###..........#
.#.#.#.#....#.#.###.###.####.####
.#.#.#.######.#......##.####..#..
.#.#.#.........####..#...........
.#.#.###....##..@##..#..#####.#..
.#.#..####..##...##..#..# #.#..
##.#รท..##>...##>.##..#..# #....
...#...###...###.##..#..# #....
####....##....#..##..########....
.....#..###...##.#..........#...#
.#####...##....#.###.####...#...#
.# #....###...#.#..........#...#
.# #.....###..##...............#


There were no monsters in sight!

Vanquished Creatures
  An ooze (D:1)
  2 dart slugs (D:1)
  A giant cockroach (D:1)
  4 goblins (D:1)
  4 hobgoblins (D:1)
  4 kobolds (D:1)
  A bat (D:1)
  A frilled lizard (D:1)
  2 rats (D:1)
20 creatures vanquished.

Vanquished Creatures (others)
  57 foxfires (D:1)
57 creatures vanquished.

Grand Total: 77 creatures vanquished

Notes
Turn   | Place    | Note
-------+----------+-------------------------------------------
     0 | D:1      | Gabide the Human Fire Elementalist began the quest for the
                  | Orb.
     0 | D:1      | Reached XP level 1. HP: 13/13 MP: 3/3
   136 | D:1      | Reached XP level 2. HP: 12/19 MP: 1/5
   503 | D:1      | Reached XP level 3. HP: 24/24 MP: 3/6
  1200 | D:$      | Got out of the dungeon alive.

Illustrated notes

Levels and vault maps discovered:
D:1:      dpeg_arrival_long_road, layout_basic, chequers_serial_rivers_small_3

Action                   || total
-------------------------++-------
Melee: Unarmed           ||    10
 Cast: Foxfire           ||    38
  Use: Scroll            ||     2
Armor: Robe              ||     8
Dodge: Dodged            ||    16
